 Dungeon Crawl Stone Soup version 0.21.1-1-g345015f (webtiles) character file.

215 wojtek the Chopper (level 5, -2/46 HPs)
             Began as a Minotaur Fighter on Apr 14, 2018.
             Killed by divine providence
             ... invoked by an orc priest
              (12 damage)
             ... on level 3 of the Dungeon.
             The game lasted 00:02:35 (2077 turns).

wojtek the Chopper (Minotaur Fighter)               Turns: 2077, Time: 00:02:35

Health: -2/46      AC:  9    Str: 21    XL:     5   Next: 60%
Magic:  4/4        EV:  7    Int:  5    God:
Gold:   92         SH:  9    Dex: 10    Spells: 4/4 levels left

rFire    . . .     SeeInvis .   a - +0 war axe
rCold    . . .     Gourm    .   c - +0 shield
rNeg     . . .     Faith    .   b - +0 scale mail
rPois    .         Spirit   .   (helmet restricted)
rElec    .         Reflect  .   (no cloak)
rCorr    .         Harm     .   (no gloves)
MR       .....                  g - +1 pair of boots
Stlth    ..........             (no amulet)
HPRegen  0.15/turn              (no ring)
MPRegen  0.09/turn              (no ring)

@: no status effects
A: retaliatory headbutt, horns 2
a: no special abilities


You were on level 3 of the Dungeon.
You were not hungry.

You visited 1 branch of the dungeon, and saw 3 of its levels.

You collected 92 gold pieces.

Inventory:

Hand Weapons
 a - a +0 war axe (weapon)
Armour
 b - a +0 scale mail (worn)
 c - a +0 shield (worn)
 g - a +1 pair of boots (worn)
Jewellery
 m - an uncursed ring of positive energy {unknown}
Scrolls
 e - a scroll of amnesia {unknown}
 j - 3 scrolls of remove curse {unknown}
 l - a scroll of enchant armour {unknown}
Potions
 d - a potion of might
 h - a potion of mutation {unknown}
 i - 2 potions of flight {unknown}
 k - a potion of curing {unknown}
 n - a potion of lignification {unknown}
Comestibles
 f - 5 rations
 o - 3 chunks of flesh


   Skills:
 + Level 4.2 Fighting
 + Level 6.4 Axes
 + Level 4.2 Armour
 - Level 3.6 Shields


You had 4 spell levels left.
You didn't know any spells.

Dungeon Overview and Level Annotations

Branches:
Dungeon (3/15)

Altars:

Annotations:
D:3 Jessica


Innate Abilities, Weirdness & Mutations

You reflexively headbutt those who attack you in melee.
You have a pair of horns on your head.


Message History

Pain shoots through your body!
You hit the orc priest.
The orc priest is moderately wounded.
You block Jessica's attack.
The rat twitches its whiskers.
You hit Jessica but do no damage. You barely miss the orc.
You block Jessica's attack.
The orc priest invokes the aid of Beogh against you.
Beogh smites you! The orc hits you with a club.
Jessica mumbles some strange words.
Jessica blinks!
You are too injured to fight recklessly!
You are too injured to fight recklessly!
Unknown command.
The orc priest invokes the aid of Beogh against you.
Beogh smites you!
* * * LOW HITPOINT WARNING * * *
The orc priest mumbles some strange prayers to Beogh against you.
Beogh smites you!
You die...

## .....# #..
....# #.# #...#
##.####o..#
#####
#.....r...#
#...#
#........##
###.#.#
#...o....#
#...#.##
##...o....#
#.#....#
#..@....#.#
#.#.#..#
#.####.##.#
....#..### #.#
#...[#
#)###.(..# #.#
######
#......#.# #.#
########.#####.#
#....# #.......#
#.##.# #########
#.##<#


You could see 2 orc priests, an orc and a rat.

Vanquished Creatures
  An ogre (D:2)
  Robin (D:2)
  5 adders
  An ooze (D:1)
  A worm (D:2)
  A dart slug (D:2)
  4 leopard geckos
  5 bats
  2 giant cockroaches (D:1)
  8 hobgoblins
  2 jackals (D:1)
  A quokka (D:2)
  5 frilled lizards
  14 goblins
  7 kobolds
  2 rats
60 creatures vanquished.

Notes
Turn   | Place    | Note
-------+----------+-------------------------------------------
     0 | D:1      | wojtek the Minotaur Fighter began the quest for the Orb.
     0 | D:1      | Reached XP level 1. HP: 19/19 MP: 0/0
   330 | D:1      | Reached skill level 3 in Axes
   335 | D:1      | Reached XP level 2. HP: 23/26 MP: 1/1
   515 | D:1      | Reached skill level 4 in Axes
   610 | D:1      | Reached XP level 3. HP: 31/31 MP: 2/2
   654 | D:2      | Noticed Robin
   666 | D:2      | Killed Robin
   803 | D:2      | Reached skill level 5 in Axes
   825 | D:2      | Reached XP level 4. HP: 27/39 MP: 3/3
  1297 | D:2      | Noticed an ogre
  1359 | D:2      | Reached skill level 6 in Axes
  1550 | D:2      | Killed an ogre
  1550 | D:2      | Reached XP level 5. HP: 27/46 MP: 4/4
  2067 | D:3      | Noticed Jessica
  2077 | D:3      | Killed from afar by an orc priest

Skill      XL: |  1  2  3  4 |
---------------+-------------+-----
Axes           | 3 4 5 6 |  6.4
Fighting       | 4 |  4.2
Armour         | 4 |  4.2
Shields        | |  3.6

Action                   |  1- 3 |  4- 6 || total
-------------------------+-------+-------++-------
Melee: War axe           |    65 |    64 ||   129
       Headbutt          |     7 |     6 ||    13
  Eat: Chunk             |       |     4 ||     4
Armor: Scale mail        |    25 |    26 ||    51
Dodge: Dodged            |    19 |    17 ||    36
Block: Shield            |    44 |    36 ||    80
